 Dungeon Crawl Stone Soup version 0.30-a0-553-g7fabdf1491 (webtiles) character file.

Game seed: 9141531399180420713

406 p00ps00p the Trooper (level 6, -13/56 HPs)
             Began as a Hill Orc Fighter on Dec 27, 2022.
             Killed by divine providence
             ... invoked by an orc priest
              (16 damage)
             ... on level 5 of the Dungeon.
             The game lasted 00:05:04 (3468 turns).

p00ps00p the Trooper (Hill Orc Fighter)             Turns: 3468, Time: 00:05:04

Health: -13/56     AC: 13    Str: 21    XL:     6   Next: 87%
Magic:  6/6        EV:  7    Int:  8    God:
Gold:   8          SH:  5    Dex: 10    Spells: 5/5 levels left

rFire   . . .      SeeInvis .    a - +0 war axe
rCold   . . .      Faith    .    c - +0 buckler
rNeg    . . .      Spirit   .    s - +0 chain mail
rPois   .          Reflect  .    (no helmet)
rElec   .          Harm     .    r - +2 cloak
rCorr   .          Rampage  .    (no gloves)
Will    .....                    (no boots) Stlth
                                 n - amulet of regeneration
HPRegen 1.09/turn                o - ring of flight
MPRegen 0.10/turn                (no ring)

@: flying
A: no striking features
a: Convert to Beogh


You were on level 5 of the Dungeon.
You visited 1 branch of the dungeon, and saw 5 of its levels.

You collected 218 gold pieces.
You spent 210 gold pieces at shops.

Inventory:

Hand Weapons
 a - a +0 war axe (weapon)
 f - a +1 whip of flaming
Missiles
 g - a throwing net (quivered)
Armour
 c - a +0 buckler (worn)
 r - a +2 cloak (worn)
 s - a +0 chain mail (worn)
Jewellery
 n - an amulet of regeneration (around neck)
 o - a ring of flight (left hand)
Wands
 d - a wand of flame (9)
Scrolls
 e - a scroll of fog
 j - 3 scrolls of immolation
Potions
 k - a potion of ambrosia {unknown}
 l - a potion of haste {unknown}
 m - a potion of mutation {unknown}


   Skills:
 + Level 5.5 Fighting
 + Level 5.2 Axes
 + Level 4.9 Armour
 + Level 4.9 Shields


You had 5 spell levels left.
You didn't know any spells.
Your spell library contained the following spells:

 Spells                   Type           Power      Damage    Failure   Level
 Summon Small Mammal      Summ           0%         N/A       99%         1
 Call Canine Familiar     Summ           0%         N/A       100%        3
 Summon Guardian Golem    Hex/Summ       0%         N/A       100%        3


Dungeon Overview and Level Annotations

Branches:
Dungeon (5/15)
 Temple: D:4-7

Altars:
Kikubaaqudgha
Ru
Yredelemnul

Shops:
D:1 [   D:2 =   D:4 *?([


Message History

The orc hits you from afar with a +3 trident.
Something hits you but does no damage.
You barely miss something. Something hits you but does no damage.
The orc hits you from afar with a +3 trident.
The orc priest casts a cantrip, but nothing happens.
The orc priest shouts, "Beogh is our master!
Accept the truth or die!"
You hit something. Something hits you but does no damage.
You block the orc's attack.
The orc priest calls down the wrath of Beogh upon you.
Beogh smites you!
* * * LOW HITPOINT WARNING * * *
You feel better. Something hits you but does no damage.
The orc hits you from afar with a +3 trident!
* * * LOW HITPOINT WARNING * * *
Aiming: Throw Flame
Press: ? - help, Q - select action, (/) - cycle Shift-Dir - straight line, f - orc
Aim: an orc, wielding a +3 trident (68% to hit)
The puff of flame hits something.
You hear some strange, mumbled words.
Something tries to affect you, but you resist.
The orc hits you but does no damage.
Unknown command.
Aiming: Throw Flame
Press: ? - help, Q - select action, (/) - cycle Shift-Dir - straight line, f/p - orc
Aim: an orc, wielding a +3 trident (68% to hit)
The puff of flame hits the orc.
The orc is heavily wounded.
You hear some strange, mumbled words.
A magic dart appears from out of thin air!
The magic dart hits you but does no damage.
The orc hits you from afar with a +3 trident.
* * * LOW HITPOINT WARNING * * *
It was a potion of flight.
You feel more buoyant. Something hits you but does no damage.
The orc hits you from afar with a +3 trident.
* * * LOW HITPOINT WARNING * * *
The orc priest calls down the wrath of Beogh upon you.
Beogh smites you!
You die...

..................#
##........†.####..#
######...#.......#
# ###.###.####....
..## ##.....#
###.###.####.#
#...#...# #.##....#
#@##....#
#{##........
oo###...#### ..o#
#....# ....# ##...#
...... ....#
...#.## #... ..#.#.


You could see an orc priest and 2 orcs.

Vanquished Creatures
  A black bear (D:4)
  A scorpion (D:5)
  A jelly (D:4)
  An orc priest (D:3)
  2 hounds (D:4)
  6 adders
  A worm (D:4)
  4 orcs
  5 ball pythons
  10 endoplasms
  3 giant cockroaches
  3 goblins
  10 hobgoblins
  7 kobolds
  2 quokkas (D:2)
  4 bats
  A frilled lizard (D:2)
  22 rats
  A spectral hobgoblin (D:3)
85 creatures vanquished.

Notes
Turn   | Place    | Note
-------+----------+-------------------------------------------
     0 | D:1      | p00ps00p the Hill Orc Fighter began the quest for the Orb.
     0 | D:1      | Reached XP level 1. HP: 19/19 MP: 1/1
   207 | D:1      | Reached XP level 2. HP: 27/27 MP: 2/2
   270 | D:1      | Found Qiseetaps's Antique Armour Emporium.
  1040 | D:2      | Reached XP level 3. HP: 31/33 MP: 3/3
  1200 | D:2      | Reached XP level 4. HP: 36/40 MP: 4/4
  1571 | D:2      | Found Jups's Jewellery Boutique.
  1732 | D:3      | Found a basalt altar of Yredelemnul.
  1826 | D:3      | Found an ancient bone altar of Kikubaaqudgha.
  1906 | D:3      | Found a sacrificial altar of Ru.
  1966 | D:3      | Found a faded altar of an unknown god.
  2049 | D:3      | Reached XP level 5. HP: 20/47 MP: 5/5
  2490 | D:4      | Found Veuxon's Weapon Shop.
  2717 | D:4      | Noticed a black bear
  2739 | D:4      | Killed a black bear
  2740 | D:4      | Reached skill level 5 in Fighting
  2740 | D:4      | Reached XP level 6. HP: 50/56 MP: 6/6
  2760 | D:4      | Found Rorubyah's General Store.
  2764 | D:4      | Found Mosane's Magic Scroll Boutique.
  2880 | D:4      | Reached skill level 5 in Axes
  2934 | D:4      | Found Gyavan's Armour Shoppe.
  2942 | D:4      | Bought a +2 cloak for 165 gold pieces
  2942 | D:4      | Bought a +0 chain mail for 45 gold pieces
  3425 | D:5      | Entered Level 5 of the Dungeon
  3468 | D:5      | Killed from afar by an orc priest

Illustrated notes

Levels and vault maps discovered:
D:1:      minmay_arrival_split_and_join, layout_basic, serial_shops,
          nicolae_shop_stone
D:2:      layout_basic, serial_shops, shop, minmay_rat_hole
D:3:      layout_basic, general_overflow_altar, yredelemnul_altar_generic,
          hangedman_ru_absence, dreamdust_ecumenical_altar_drowned_temple
D:4:      layout_loops_ring, serial_shops, shop, nicolae_shop_statue_plus, shop,
          nicolae_shop_behind_doors
D:5:      layout_loops_ring, nicolae_ossuary_entry_monument, serial_shops,
          nicolae_shop_hallway_plus

Skill      XL: |  1  2  3  4  5  6 |
---------------+-------------------+-----
Axes           | 3 4 5 |  5.2
Fighting       | 4 5 |  5.5
Armour         | 4 |  4.9
Shields        | 4 |  4.9

Action                   |  1- 3 |  4- 6 || total
-------------------------+-------+-------++-------
Melee: War axe           |   109 |   156 ||   265
Evoke: Wand              |       |     2 ||     2
  Use: Scroll            |     3 |     4 ||     7
       Potion            |       |     4 ||     4
Armor: Scale mail        |    61 |    70 ||   131
       Chain mail        |       |    19 ||    19
Dodge: Dodged            |    59 |    70 ||   129
Block: Buckler           |    26 |    34 ||    60

Table legend: (Time is in decaauts)
 A = Elapsed time spent in this place.
 B = Non-inter-level travel time spent in this place.
 C = Inter-level travel time spent in this place.
 D = Time resting spent in this place.
 E = Time spent auto-exploring this place.
 F = Levels seen in this place.
 G = Mean time per level.
                   A        B        C        D        E       F      G
               +--------+--------+--------+--------+--------+-----+--------+
         Total |   3566 |   3447 |    119 |    202 |   2612 |   5 |  713.2 |
       Dungeon |   3566 |   3447 |    119 |    202 |   2612 |   5 |  713.2 |
               +--------+--------+--------+--------+--------+-----+--------+

Top non-repeatable levels by time:
     D:4: 958 daAuts
     D:1: 954 daAuts
     D:3: 812 daAuts
     D:2: 794 daAuts
     D:5: 47 daAuts
